 Dungeon Crawl Stone Soup version 0.25-a0-2-g6559c6c67a (webtiles) character file.

Game seed: 13413209109786755965, levelgen mode: deterministic

52 Arixos the Charmwright (level 3, -5/18 HPs)
             Began as a Vine Stalker Skald on Oct 14, 2019.
             Killed from afar by Ijyb (6 damage)
             ... with a burst of metal fragments
             ... on level 3 of the Dungeon.
             The game lasted 00:07:47 (2319 turns).

Arixos the Charmwright (Vine Stalker Skald)         Turns: 2319, Time: 00:07:48

Health: -5/18      AC:  4    Str: 13    XL:     3   Next: 85%
Magic:  0/8        EV: 12    Int: 16    God:
Gold:   125        SH:  0    Dex: 14    Spells: 4/7 levels left

rFire    . . .     SeeInvis .   a - +0 falchion
rCold    . . .     Gourm    +   (no shield)
rNeg     . . .     Faith    .   b - +0 leather armour
rPois    .         Spirit   +   g - +0 helmet {Int+3}
rElec    .         Reflect  .   (no cloak)
rCorr    .         Harm     .   (no gloves)
MR       .....                  (no boots)
Stlth    +.........             j - amulet of the gourmand
HPRegen  0.06/turn              (no ring)
MPRegen  0.11/turn              (no ring)

@: no status effects
A: fangs 2, magic shield, antimagic bite, no potion heal 3, rot immunity
a: no special abilities


You were on level 3 of the Dungeon.
You were hungry.

You visited 1 branch of the dungeon, and saw 3 of its levels.

You collected 125 gold pieces.

Inventory:

Hand Weapons
 a - a +0 falchion (weapon)
Armour
 b - a +0 leather armour (worn)
 g - a +0 helmet of intelligence (worn)
 o - a +0 pair of gloves
Jewellery
 j - an amulet of the gourmand (around neck)
Scrolls
 e - 3 scrolls of teleportation {unknown}
 f - a scroll of fear {unknown}
 i - 5 scrolls of identify {unknown}
 k - a scroll of enchant weapon {unknown}
 l - 2 scrolls of remove curse {unknown}
 m - a scroll of random uselessness {unknown}
 q - a scroll of magic mapping {unknown}
Potions
 c - 3 potions of agility {unknown}
 h - 3 potions of curing {unknown}
 n - 2 potions of magic {unknown}
 r - a potion of lignification {unknown}
Comestibles
 d - 10 rations


   Skills:
 + Level 2.1 Fighting
 + Level 2.1 Long Blades
 - Level 0.7 Armour
 + Level 2.0 Dodging
 + Level 2.6 Spellcasting
 + Level 3.3 Charms
 + Level 0.7 Translocations


You had 4 spell levels left.
You knew the following spells:

 Your Spells              Type           Power        Failure   Level  Hunger
a - Infusion              Chrm           ##..         6%          1    #......
s - Shroud of Golubria    Chrm/Tloc      #.....       16%         2    ##.....

Your spell library contained the following spells:

 Spells                   Type           Power        Failure   Level  Hunger
 Song of Slaying          Chrm           ##......     10%         2    ##.....
 Regeneration             Chrm/Necr      #.........   36%         3    ###....
 Spectral Weapon          Hex/Chrm       #.......     36%         3    ###....


Dungeon Overview and Level Annotations

Branches:
Dungeon (3/15)

Altars:

Annotations:
D:3 Ijyb


Innate Abilities, Weirdness & Mutations

You have extremely sharp teeth.
When hurt, damage is shared between your health and your magic reserves.
Your bite disrupts and absorbs the magic of your enemies.
Potions cannot restore your health.
You are immune to rotting.


Message History

You hit Ijyb but do no damage. You bite Ijyb, but do no damage.
Ijyb is heavily wounded.
Ijyb barely misses you.
You hit Ijyb but do no damage.
Ijyb is heavily wounded.
Ijyb zaps a wand.
The burst of metal fragments misses you.
The burst of metal fragments hits you!
The burst of metal fragments hits you. x2
* * * LOW HITPOINT WARNING * * *
The burst of metal fragments misses you.
The burst of metal fragments hits you.
* * * LOW HITPOINT WARNING * * *
The burst of metal fragments misses you.
The burst of metal fragments hits you.
* * * LOW HITPOINT WARNING * * *
Your shroud unravels.
Ijyb zaps a wand.
The burst of metal fragments misses you. x6
The burst of metal fragments hits you. x2
You die...

#.......#
#.......#
#.......#
#.......#
#.......#
##......#
###...##
#####'## .
#...@.# ...
#.g...#
.....####.....#
.......†')....#
.....####....##
... #[...# .
######


You could see Ijyb.

Vanquished Creatures
  3 worms (D:2)
  3 orcs (D:3)
  3 bats
  3 giant cockroaches
  6 goblins
  4 hobgoblins
  A quokka (D:3)
  2 ball pythons (D:2)
  7 frilled lizards
  4 kobolds
  6 rats
42 creatures vanquished.

Notes
Turn   | Place    | Note
-------+----------+-------------------------------------------
     0 | D:1      | Arixos the Vine Stalker Skald began the quest for the Orb.
     0 | D:1      | Reached XP level 1. HP: 11/11 MP: 4/4
   237 | D:1      | Reached XP level 2. HP: 11/15 MP: 4/6
   241 | D:1      | Learned a level 2 spell: Shroud of Golubria
  1024 | D:2      | Reached XP level 3. HP: 17/18 MP: 7/7
  2303 | D:3      | Noticed Ijyb
  2319 | D:3      | Killed from afar by Ijyb

Levels and vault maps discovered:
D:1:      sevenhm_arrival_forest_fort_large_2, layout_loops_cross, st_stairs_9,
          chequers_serial_rivers_large_a, minmay_fountain_box
D:2:      layout_loops_cross, minivault_4
D:3:      layout_basic, uniq_ijyb

Skill      XL: |  1  2  3 |
---------------+----------+-----
Fighting       | 2 |  2.1
Long Blades    | 2 |  2.1
Dodging        | 2 |  2.0
Armour         | |  0.7
Spellcasting   | |  2.6
Charms         | |  3.3
Translocations | |  0.7

Action                   || total
-------------------------++-------
Melee: Falchion          ||   115
       Bite              ||    35
 Cast: Shroud of Golubri ||    11
  Eat: Chunk             ||     7
Armor: Leather armour    ||    22
Dodge: Dodged            ||    77
       Rpst.: Falchion   ||    24

Table legend:
 A = Non-vault XP
 B = Vault XP
 C = Vault XP percentage of total XP
 D = Non-vault monster count
 E = Vault monster count
 F = Vault count percentage of total count
                 A         B        C        D         E       F
            +---------+---------+-------+---------+---------+-------
      Total |      73 |       2 |   2.7 |      40 |       2 |   4.8
            +---------+---------+-------+---------+---------+-------
        D:1 |      17 |       2 |  10.5 |       9 |       2 |  18.2
        D:2 |      33 |       0 |   0.0 |      18 |       0 |   0.0
        D:3 |      23 |       0 |   0.0 |      13 |       0 |   0.0
            +---------+---------+-------+---------+---------+-------
